 Dungeon Crawl Stone Soup version 0.31-a0-204-g7da18cac08 (webtiles) character file.

Game seed: 5117483650626703463

80 qw the Shooter (level 4, -9/25 HPs)
             Began as a Deep Elf Hunter on June 27, 2023.
             Killed by divine providence
             ... invoked by an orc priest
              (14 damage)
             ... on level 2 of the Dungeon.
             The game lasted 00:00:33 (1360 turns).

qw the Shooter (Deep Elf Hunter)                    Turns: 1360, Time: 00:00:33

Health: -9/25      AC:  6    Str: 10    XL:     4   Next: 18%
Magic:  6/6        EV: 11    Int: 14    God:
Gold:   12         SH:  0    Dex: 18    Spells: 3/3 levels left

rFire   . . .        Y - +0 shortbow
rCold   . . .        (shield currently unavailable)
rNeg    . . .        d - +0 ring mail
rPois   .            (no helmet)
rElec   .            (no cloak)
rCorr   .            h - +0 pair of gloves
SInv    .            (no boots)
Will    .....        g - amulet of regeneration
Stlth   +            (no ring)
HPRegen 1.04/turn    (no ring)
MPRegen 0.10/turn

%: no passive effects
@: about to teleport
A: no striking features
a: no special abilities


You were on level 2 of the Dungeon.
You visited 1 branch of the dungeon, and saw 3 of its levels.

You collected 75 gold pieces.
You spent 63 gold pieces at shops.


   Skills:
 - Level 1.5 Fighting
 + Level 7.6 Ranged Weapons
 - Level 2.4 Dodging
 - Level 1.2 Stealth


You had 3 spell levels left.
You didn't know any spells.
Your spell library was empty.

Inventory:

Hand Weapons
 Y - a +0 shortbow (weapon)
Armour
 d - a +0 ring mail (worn)
 h - a +0 pair of gloves (worn)
Jewellery
 g - an amulet of regeneration (around neck)
Potions
 b - a potion of lignification {unknown}
 e - a potion of haste {unknown}
 f - a potion of degeneration {unknown}

Dungeon Overview and Level Annotations

Branches:
Dungeon (3/15)

Altars:

Shops:
D:2 [

Annotations:
D:2 Sigmund


Message History

Enter note:
Enter note:
Enter note: You shoot an arrow.
The arrow hits Sigmund.
Sigmund is severely wounded.
The quokka closely misses you. Sigmund misses you.
You shoot an arrow. The arrow closely misses Sigmund.
The quokka barely misses you.
The orc priest hits you but does no damage.
The quokka closely misses you.
You shoot an arrow. The arrow closely misses Sigmund.
The orc priest closely misses you. Sigmund hits you with a +0 scythe.
The quokka bites you but does no damage.
The orc priest closely misses you.
You shoot an arrow. The arrow barely misses Sigmund.
The quokka barely misses you. Sigmund closely misses you.
The orc priest barely misses you. The quokka closely misses you.
You shoot an arrow. The arrow closely misses Sigmund.
The quokka bites you.
The orc priest calls down the wrath of Beogh upon you.
You barely resist. Sigmund barely misses you.
You shoot an arrow. The arrow closely misses Sigmund.
The quokka barely misses you. The orc priest closely misses you.
Sigmund points at you and mumbles some strange words.
The puff of flame misses you.
You shoot an arrow. The arrow hits Sigmund.
Sigmund is almost dead.
The quokka bites you. The orc priest barely misses you.
Sigmund hits you with a +0 scythe! The quokka closely misses you.
1359 ||| READING scroll of teleportation.
As you read the scroll of teleportation, it crumbles to dust.
You feel strangely unstable.
The orc priest hits you with a +0 dagger.
The quokka closely misses you.
You shoot an arrow. The arrow hits Sigmund.
Sigmund is almost dead.
The orc priest mumbles some strange prayers to Beogh against you.
Beogh smites you!
Ouch! That really hurt!
You die...

#.....#<#.........##
#####.....####....##
#)%[#.# #....##
######.##.# #....##
######.......#.# #....##
#.......#....#.####....##
#.......#.##......#....##
#......o@.##......###....
#....%..@r..............#
#........P........#####.#
#........................
#.................#####..
######.#.P........#####..
#.#.###....%....##.#
#.#.# #...###.....[#
#.#.# #...# #...8..#
#.#.# #...# ##.....#


You could see Sigmund, an orc priest and a quokka.

Vanquished Creatures
  3 adders (D:2)
  An adder zombie (D:2)
  3 dart slugs
  2 ball pythons
  4 endoplasms
  6 hobgoblins
  4 jackals (D:2)
  2 kobolds
  3 quokkas (D:1)
  5 bats
  5 frilled lizards
  A giant cockroach zombie (D:2)
  A quokka zombie (D:2)
  4 rats
44 creatures vanquished.

Notes
Turn   | Place    | Note
-------+----------+-------------------------------------------
     0 | D:1      | qw the Deep Elf Hunter began the quest for the Orb.
     0 | D:1      | Reached XP level 1. HP: 12/12 MP: 3/3
     0 | D:1      | 0 ||| qw: Version: 0.3-a-22-g0ed2b0b
     0 | D:1      | 0 ||| qw: Game counter: 6482
     0 | D:1      | 0 ||| qw: Melee chars always use a shield: true
     0 | D:1      | 0 ||| qw: God list: Okawaru
     0 | D:1      | 0 ||| qw: Allow faded altars: false
     0 | D:1      | 0 ||| qw: Do Orc after clearing Dungeon:15 true
     0 | D:1      | 0 ||| qw: Do second Lair branch before Depths: true
     0 | D:1      | 0 ||| qw: Lair rune preference: random
     0 | D:1      | 0 ||| qw: Goals: Normal
     0 | D:1      | 0 ||| PLANNING D:1-11
   100 | D:1      | Found a faded altar of an unknown god.
   142 | D:1      | Reached XP level 2. HP: 16/16 MP: 4/4
   200 | D:1      | Reached skill level 6 in Ranged Weapons
   847 | D:1      | 847 ||| UPGRADING to amulet of regeneration.
   852 | D:1      | 852 ||| DROPPING amulet of guardian spirit.
   853 | D:1      | 853 ||| READING scroll labelled VESHOBLOSIS.
   854 | D:1      | 854 ||| READING scroll labelled FOARCH ZUDEEGO.
   858 | D:1      | 858 ||| DROPPING scroll of butterflies.
   947 | D:2      | Reached XP level 3. HP: 20/20 MP: 5/5
  1100 | D:2      | Reached skill level 7 in Ranged Weapons
  1118 | D:2      | 1118 ||| Stepping ~*~*~tactically~*~*~ (outnumbered).
  1213 | D:2      | Reached XP level 4. HP: 25/25 MP: 6/6
  1269 | D:2      | Found Kurogi Copru's Armour Shoppe.
  1278 | D:2      | 1278 ||| BUYING +0 pair of gloves (63 gold).
  1278 | D:2      | Bought a +0 pair of gloves for 63 gold pieces
  1278 | D:2      | 1278 ||| SHOPLISTING +0 troll leather armour (210 gold,
                  | have 12).
  1307 | D:2      | 1307 ||| UPGRADING to +0 ring mail.
  1317 | D:2      | 1317 ||| DROPPING +0 leather armour.
  1318 | D:2      | 1318 ||| UPGRADING to +0 pair of gloves.
  1346 | D:3      | Noticed Sigmund
  1350 | D:3      | 1350 ||| STAIRDANCE
  1358 | D:2      | HP: 6/25 [Sigmund/+0 scythe (10)]
  1359 | D:2      | 1359 ||| READING scroll of teleportation.
  1360 | D:2      | Killed from afar by an orc priest

Levels and vault maps discovered:
D:1:      amcnicky_arrival_underground_garden, layout_basic,
          ebering_ecumenical_altar_hall, serial_glass, glass_columns_a,
          glass_columns_a
D:2:      layout_basic, serial_undead, serial_undead_d, serial_undead_b,
          serial_undead_c, serial_undead_e, serial_shops, nicolae_shop_crystal
D:3:      layout_basic, marbit_many_paths, uniq_sigmund

Skill      XL: |  1  2  3 |
---------------+----------+-----
Ranged Weapons | 6 7 |  7.6
Fighting       | |  1.5
Dodging        | |  2.4
Stealth        | |  1.2

Action                     |  1- 3 |  4- 6 || total
---------------------------+-------+-------++-------
   Fire: Shortbow          |   106 |    23 ||   129
    Use: Scroll            |     2 |     1 ||     3
 Armour: Leather armour    |    15 |       ||    15
         Ring mail         |       |     5 ||     5
  Dodge: Dodged            |    31 |    24 ||    55

Table legend:
 A = Non-vault XP
 B = Vault XP
 C = Vault XP percentage of total XP
 D = Non-vault monster count
 E = Vault monster count
 F = Vault count percentage of total count
                 A         B        C        D         E       F
            +---------+---------+-------+---------+---------+-------
      Total |     108 |       7 |   6.1 |      41 |       3 |   6.8
            +---------+---------+-------+---------+---------+-------
        D:1 |      34 |       0 |   0.0 |      20 |       0 |   0.0
        D:2 |      74 |       7 |   8.6 |      21 |       3 |  12.5
            +---------+---------+-------+---------+---------+-------
